 Dungeon Crawl Stone Soup version 0.31.0-9-g3a7656b989 (webtiles) character file.

Game seed: 10850228823833717893

2332 qw the Skirmisher (level 9, 0/50 HPs)
             Began as a Deep Elf Hunter on Feb 2, 2024.
             Was an Initiate of Okawaru.
             Slain by an ogre
             ... wielding a +0 giant spiked club
              (29 damage)
             ... on level 7 of the Dungeon.
             The game lasted 00:02:08 (5977 turns).

qw the Skirmisher (Deep Elf Hunter)                 Turns: 5977, Time: 00:02:09

Health: 0/50       AC:  9    Str: 11    XL:     9   Next: 19%
Magic:  11/11      EV: 16    Int: 14    God:    Okawaru [......]
Gold:   60         SH:  5    Dex: 30    Spells: 8/8 levels left

rFire   . . .        a - +3 hand cannon (heavy)
rCold   + . .        (no shield)
rNeg    . . .        o - +2 ring mail {rPois}
rPois   +            (no helmet)
rElec   .            (no cloak)
rCorr   .            l - +0 pair of gloves
SInv    .            f - +0 pair of boots
Will    .....        h - amulet of reflection
Stlth   +++          q - +6 ring of dexterity
HPRegen 0.28/turn    g - ring of protection from cold
MPRegen 0.12/turn

%: reflection
@: no status effects
A: thin skeletal structure 1, agile 1, high MP 1, poison resistance
a: Renounce Religion


You were on level 7 of the Dungeon.
You worshipped Okawaru.
Okawaru was noncommittal.
You visited 2 branches of the dungeon, and saw 8 of its levels.
You also visited: Ossuary.

You collected 298 gold pieces.
You spent 238 gold pieces at shops.


Innate Abilities, Weirdness & Mutations

You have a somewhat thin skeletal structure. (Dex +2, Stealth+)
You are agile. (Dex +4, Str/Int -1)
You have an increased reservoir of magic. (+10% MP)
Your system is resistant to poisons. (rPois)


   Skills:
 - Level 3.0 Fighting
 + Level 14.2 Ranged Weapons
 - Level 1.2 Armour
 - Level 7.0 Dodging
 - Level 1.2 Stealth


You had 8 spell levels left.
You didn't know any spells.
Your spell library was empty.

Inventory:

Hand Weapons
 a - a +3 heavy hand cannon (weapon)
Armour
 f - a +0 pair of boots (worn)
 l - a +0 pair of gloves (worn)
 o - a +2 ring mail of poison resistance (worn)
Jewellery
 g - a ring of protection from cold (right hand)
 h - an amulet of reflection (around neck)
 q - a +6 ring of dexterity (left hand)
 Y - a ring of resist corrosion
Wands
 c - a wand of paralysis (4)
 p - a wand of acid (6)
Scrolls
 d - 5 scrolls of teleportation
Potions
 b - 2 potions of enlightenment
 e - a potion of might {unknown}
 j - 3 potions of curing
 k - 2 potions of mutation
 m - 2 potions of heal wounds
 n - 2 potions of resistance

Dungeon Overview and Level Annotations

Branches:
Dungeon (7/15)             Temple (1/1) D:7         Ossuary (visited)

Altars:
Ashenzari
Cheibriados
Dithmenos
Elyvilon
Fedhas
Gozag
Hepliaklqana
Kikubaaqudgha
Makhleb
Nemelex Xobeh
Okawaru
Qazlal
Ru
Sif Muna
Trog
Uskayaw
Vehumet
Wu Jian
Xom
Yredelemnul
Zin
The Shining One

Shops:
D:2 [   D:6 !

Annotations:
D:5 3 runed translucent doors, qw's ghost, novice DjHu


Message History

You shoot a bolt. The bolt hits the hound!!!
You kill the hound!
Okawaru accepts your kill.
The centaur wields a +0 shortbow.
The centaur shoots an arrow.
The arrow hits you.
The centaur shoots an arrow.
The arrow hits you.
The centaur shoots an arrow.
The arrow hits you.
You shoot a bolt. The bolt hits the centaur!!!
You kill the centaur!
Okawaru accepts your kill.
Your Dodging skill increases to level 7!
You shoot a bolt. The bolt hits the gnoll!!
You kill the gnoll!
Okawaru accepts your kill.
Enter note:
Enter note:
Enter note:
Enter note: You shoot a bolt.
The bolt hits the ogre!!
You kill the ogre!
Okawaru accepts your kill.
You shoot a bolt.
The bolt closely misses the gnoll bouda.
The bolt hits the hound!!
You kill the hound!
Okawaru accepts your kill.
You hear a shout!
You block the gnoll bouda's attack. The gnoll bouda closely misses you.
You shoot a bolt. The bolt hits the ogre.
The ogre is lightly wounded.
The gnoll bouda closely misses you.
The ogre hits you with a +0 giant spiked club!
The gnoll bouda hits you but does no damage.
You block the ogre's attack.
You shoot a bolt. The bolt barely misses the ogre.
The bolt hits the gnoll bouda.
The gnoll bouda is lightly wounded.
The gnoll bouda closely misses you.
The ogre hits you with a +0 giant spiked club!!
Ouch! That really hurt!
You die... 7..777.7P7P..PP7.......P7P....... #### ###777...7777....7.PP7P....# .hho ##### ##'''#PPPPP..... ..OKg .ghcog #...#P777P7.... ...... #gohggOg

#.>.### #7PP... .o.....#.h..K...
#...# .#7P7... .o?$...#..o.....
#...# ..#7PP...
.O...$.####'g########'#...#PP7..#
... ....)gO@0...)'...#...... .$.
........0....'...#...... ###
########################


You could see an ogre, a gnoll bouda and a hobgoblin.

Vanquished Creatures
  A steam dragon (D:7)
  2 water moccasins (D:6)
  Duvessa (D:5)
  A black bear (D:6)
  An ogre (D:7)
  A centaur (D:7)
  A kobold brigand (D:6)
  An elf zombie (Ossuary)
  A bullfrog (D:7)
  A gnoll sergeant (D:4)
  5 scorpions
  2 burial acolytes (Ossuary)
  Dowan (D:5)
  2 bombardier beetles
  6 hounds
  2 orc priests
  A gnoll bouda (D:6)
  Natasha (twice) (D:3)
  2 iguanas
  4 orc wizards
  2 mummies (Ossuary)
  18 gnolls
  2 adders
  A white imp (D:7)
  4 ufetubi
  6 dart slugs
  3 ribbon worms
  9 orcs
  9 ball pythons
  9 endoplasms
  5 giant cockroaches
  3 gnoll zombies (Ossuary)
  6 goblins
  8 hobgoblins
  13 jackals
  4 quokkas
  9 bats
  A frilled lizard (D:1)
  18 kobolds
  4 kobold zombies (Ossuary)
  5 rats
177 creatures vanquished.

Vanquished Creatures (others)
  A black bear (D:7)
1 creature vanquished.

Grand Total: 178 creatures vanquished

Notes
Turn   | Place    | Note
-------+----------+-------------------------------------------
     0 | D:1      | qw the Deep Elf Hunter began the quest for the Orb.
     0 | D:1      | Reached XP level 1. HP: 12/12 MP: 3/3
     0 | D:1      | 0 ||| qw: Version: 0.3-a-155-g5e7d8dd
     0 | D:1      | 0 ||| qw: Game counter: 2835
     0 | D:1      | 0 ||| qw: Melee chars always use a shield: true
     0 | D:1      | 0 ||| qw: God list: Okawaru
     0 | D:1      | 0 ||| qw: Allow faded altars: false
     0 | D:1      | 0 ||| qw: Do Orc after clearing Dungeon:15 true
     0 | D:1      | 0 ||| qw: Do second Lair branch before Depths: true
     0 | D:1      | 0 ||| qw: Lair rune preference: random
     0 | D:1      | 0 ||| qw: Goals: Normal
     0 | D:1      | 0 ||| PLANNING D:1-11
   177 | D:1      | Reached XP level 2. HP: 16/16 MP: 4/4
   196 | D:1      | Reached skill level 6 in Ranged Weapons
   450 | D:1      | Reached XP level 3. HP: 20/20 MP: 5/5
   523 | D:1      | 523 ||| SWAPPING to +0 orcbow.
   524 | D:1      | 524 ||| DROPPING +0 shortbow.
   835 | D:1      | 835 ||| UPGRADING to +0 pair of boots.
   840 | D:1      | 840 ||| UPGRADING to ring of protection from cold.
   841 | D:1      | 841 ||| DROPPING ring of wizardry.
   842 | D:1      | 842 ||| READING scroll labelled KENEXETIDI.
   842 | D:1      | 842 ||| ENCHANTING +0 orcbow.
   843 | D:1      | 843 ||| READING 2 scrolls labelled YCZAOM ULAATI.
   844 | D:1      | 844 ||| READING scroll labelled DIPROCR ALLU.
   945 | D:1      | 945 ||| DRINKING 2 orange potions.
   945 | D:1      | Gained mutation: You have an increased reservoir of magic.
                  | (+10% MP) [potion of mutation]
   945 | D:1      | Gained mutation: You have a somewhat thin skeletal
                  | structure. (Dex +2, Stealth+) [potion of mutation]
   945 | D:1      | Gained mutation: You are agile. (Dex +4, Str/Int -1)
                  | [potion of mutation]
   945 | D:1      | Gained mutation: Your system is resistant to poisons.
                  | (rPois) [potion of mutation]
   946 | D:1      | 946 ||| DROPPING scroll of butterflies.
   947 | D:1      | 947 ||| DROPPING scroll of blinking.
  1056 | D:2      | Reached skill level 7 in Ranged Weapons
  1067 | D:2      | Found a basalt altar of Yredelemnul.
  1321 | D:2      | Found Zaos's Antique Armour Shop.
  1331 | D:2      | 1331 ||| SHOPLISTING scale mail (96 gold, have 82).
  1437 | D:2      | Reached skill level 3 in Dodging
  1438 | D:2      | Reached XP level 4. HP: 15/25 MP: 6/6
  1515 | D:2      | 1515 ||| READING 3 scrolls labelled RISUIV OFOTU.
  1518 | D:2      | 1518 ||| DRINKING 2 fuming orange potions.
  1519 | D:2      | 1519 ||| DRINKING glowing pink potion.
  1520 | D:2      | 1520 ||| DRINKING sapphire potion.
  1530 | D:2      | 1530 ||| DROPPING potion of ambrosia.
  1823 | D:3      | 1823 ||| FLEEEEING.
  2133 | D:3      | Noticed Natasha
  2134 | D:3      | Killed Natasha
  2148 | D:3      | Reached skill level 8 in Ranged Weapons
  2190 | D:3      | Found a faded altar of an unknown god.
  2266 | D:3      | Reached XP level 5. HP: 29/29 MP: 7/7
  2308 | D:3      | Noticed Natasha
  2312 | D:3      | Killed Natasha
  2505 | D:3      | 2505 ||| UPGRADING to amulet of guardian spirit.
  2510 | D:3      | 2510 ||| UPGRADING to ring of resist corrosion.
  2511 | D:3      | 2511 ||| DRINKING 2 clear potions.
  2558 | D:3      | 2558 ||| DROPPING potion of lignification.
  2566 | D:4      | 2566 ||| PLANNING OSSUARY
  2692 | D:4      | Reached skill level 9 in Ranged Weapons
  2692 | D:4      | Reached XP level 6. HP: 28/34 MP: 6/8
  3105 | D:4      | Found a sand-covered staircase.
  3106 | D:4      | 3106 ||| UPGRADING to +0 ring mail.
  3116 | D:4      | 3116 ||| DROPPING +0 leather armour.
  3117 | D:4      | 3117 ||| UPGRADING to +0 pair of gloves.
  3122 | D:4      | 3122 ||| READING scroll labelled LOETOUS HIYSCH.
  3123 | D:4      | 3123 ||| READING scroll labelled UTAINY DUI.
  3232 | Ossuary  | Entered an ossuary
  3253 | Ossuary  | Reached skill level 1 in Armour
  3427 | Ossuary  | 3427 ||| READING scroll of enchant weapon.
  3427 | Ossuary  | 3427 ||| ENCHANTING +1 orcbow.
  3492 | Ossuary  | Reached skill level 10 in Ranged Weapons
  3492 | Ossuary  | Reached XP level 7. HP: 38/40 MP: 7/9
  3531 | Ossuary  | 3531 ||| READING scroll labelled VIXIOG MECUBEA.
  3532 | Ossuary  | 3532 ||| READING scroll labelled FEOTRO NUAGIFE.
  3533 | Ossuary  | 3533 ||| DRINKING 3 inky potions.
  3549 | D:4      | 3549 ||| PLANNING D:1-11
  3760 | D:5      | Entered Level 5 of the Dungeon
  3855 | D:5      | Found a runed translucent gate.
  3856 | D:5      | Found a runed translucent gate.
  3856 | D:5      | Noticed qw's ghost (novice DjHu)
  3856 | D:5      | Identified the +1 scale mail of True Grit {rElec rN+}
  3857 | D:5      | Found a runed translucent gate.
  3983 | D:5      | Noticed Duvessa
  3985 | D:5      | Noticed Dowan
  3991 | D:5      | Killed Duvessa
  3992 | D:5      | Reached skill level 11 in Ranged Weapons
  4006 | D:5      | Killed Dowan
  4279 | D:5      | Reached XP level 8. HP: 45/45 MP: 10/10
  4453 | D:5      | 4453 ||| UPGRADING to +2 ring mail of poison resistance.
  4463 | D:5      | 4463 ||| DROPPING +0 ring mail.
  4464 | D:5      | 4464 ||| DROPPING amulet of magic regeneration.
  4465 | D:5      | 4465 ||| READING scroll labelled RAOXAM QENITEACU.
  4465 | D:5      | 4465 ||| BRANDING +2 orcbow.
  4466 | D:5      | 4466 ||| READING 2 scrolls labelled FIDUDDAOMP.
  4466 | D:5      | 4466 ||| IDENTIFYING fuming clear potion
  4467 | D:5      | 4467 ||| READING scroll of identify.
  4467 | D:5      | 4467 ||| IDENTIFYING 2 green potions
  4468 | D:5      | 4468 ||| DROPPING potion of magic.
  4493 | D:6      | Reached skill level 12 in Ranged Weapons
  4496 | D:6      | 4496 ||| READING scroll of enchant weapon.
  4496 | D:6      | 4496 ||| ENCHANTING +2 orcbow of draining.
  4613 | D:6      | Reached skill level 3 in Fighting
  4794 | D:6      | Found Losoygei's Distillery.
  4803 | D:6      | 4803 ||| BUYING 2 potions of curing (84 gold).
  4803 | D:6      | Bought 2 potions of curing for 84 gold pieces
  4803 | D:6      | 4803 ||| BUYING 2 potions of curing (84 gold).
  4803 | D:6      | Bought 2 potions of curing for 84 gold pieces
  4803 | D:6      | 4803 ||| SHOPLISTING 2 potions of resistance (280 gold,
                  | have 71).
  4803 | D:6      | 4803 ||| BUYING potion of enlightenment (70 gold).
  4803 | D:6      | Bought a potion of enlightenment for 70 gold pieces
  4803 | D:6      | 4803 ||| SHOPLISTING potion of haste (140 gold, have 1).
  4803 | D:6      | 4803 ||| SHOPLISTING potion of heal wounds (70 gold, have
                  | 1).
  4803 | D:6      | 4803 ||| SHOPLISTING potion of resistance (140 gold, have
                  | 1).
  4941 | D:6      | Reached skill level 13 in Ranged Weapons
  5254 | D:6      | Found a burning altar of Makhleb.
  5257 | D:6      | Found a hide-covered altar of Uskayaw.
  5259 | D:6      | Found an opulent altar of Gozag.
  5277 | D:6      | 5277 ||| UPGRADING to amulet of reflection.
  5287 | D:6      | 5287 ||| DROPPING amulet of guardian spirit.
  5288 | D:6      | 5288 ||| UPGRADING to +6 ring of dexterity.
  5290 | D:6      | 5290 ||| UPGRADING to ring of protection from cold.
  5292 | D:6      | 5292 ||| READING scroll labelled OMEHED HOELYN.
  5292 | D:6      | Identified a scroll of acquirement
  5292 | D:6      | 5292 ||| ACQUIRING +3 heavy hand cannon
  5292 | D:6      | Acquired a +3 heavy hand cannon
  5294 | D:6      | 5294 ||| SWAPPING to +3 heavy hand cannon.
  5295 | D:6      | 5295 ||| DROPPING +3 orcbow of draining.
  5356 | D:7      | Reached skill level 6 in Dodging
  5537 | D:7      | Found a staircase to the Ecumenical Temple.
  5538 | D:7      | 5538 ||| PLANNING TEMPLE
  5550 | Temple   | Entered the Ecumenical Temple
  5551 | Temple   | 5551 ||| PLANNING OKAWARU WORSHIP
  5563 | Temple   | Became a worshipper of Warmaster Okawaru
  5564 | Temple   | 5564 ||| PLANNING D:1-11
  5687 | D:7      | 5687 ||| DRINKING 4 potions of curing.
  5687 | D:7      | 5687 ||| (to cure confusion)
  5712 | D:7      | Reached XP level 9. HP: 50/50 MP: 11/11
  5767 | D:7      | Found a stormy altar of Qazlal.
  5893 | D:7      | 5893 ||| READING scroll labelled PIAGEO IN IVU.
  5964 | D:7      | Reached skill level 14 in Ranged Weapons
  5977 | D:7      | Slain by an ogre

Levels and vault maps discovered:
D:1:      shiori_arrival_maze, layout_loops_ring, minivault_5
D:2:      layout_rooms, serial_shops, shop, basic_altar, nicolae_hexahallways,
          dreamdust_wishing_well
D:3:      layout_basic, hellmonk_ecumenical_altar_heavens_door,
          nicolae_figureground_pulse, uniq_natasha
D:4:      layout_cave_pods, enter_ossuary_1
D:5:      layout_rooms, biasface_ghost_orc_armoury, uniq_duvessa
D:6:      layout_cave_pods, grunt_temple_overflow_open, serial_shops,
          nicolae_shop_hallway_stairs
D:7:      kennysheep_housing_project, layout_loops_corners, grunt_qazlal_clouds,
          minmay_temple_entry_statues_fountains
Temple:   mainiacjoe_temple_coin_purse

Skill      XL: |  1  2  3  4  5  6  7  8  9 |
---------------+----------------------------+-----
Ranged Weapons | 6 7 8 9 10 11 13 14 | 14.2
Dodging        | 3 4 6 7 |  7.0
Fighting       | 2 3 |  3.0
Armour         | 1 |  1.2
Stealth        | |  1.2

Action                     |  1- 3 |  4- 6 |  7- 9 || total
---------------------------+-------+-------+-------++-------
   Fire: Shortbow          |    69 |       |       ||    69
         Orcbow            |    59 |   143 |   137 ||   339
         Hand cannon       |       |       |    51 ||    51
    Use: Scroll            |     3 |     4 |     8 ||    15
         Potion            |     1 |     4 |     2 ||     7
 Armour: Leather armour    |    28 |    12 |       ||    40
         Ring mail         |       |    11 |    50 ||    61
  Dodge: Dodged            |    33 |    24 |    45 ||   102
  Block: Other             |       |       |     5 ||     5

Table legend:
 A = Non-vault XP
 B = Vault XP
 C = Vault XP percentage of total XP
 D = Non-vault monster count
 E = Vault monster count
 F = Vault count percentage of total count
                 A         B        C        D         E       F
            +---------+---------+-------+---------+---------+-------
      Total |    2259 |    1073 |  32.2 |     142 |      35 |  19.8
            +---------+---------+-------+---------+---------+-------
        D:1 |      45 |       3 |   6.2 |      26 |       2 |   7.1
        D:2 |      75 |       0 |   0.0 |      22 |       0 |   0.0
        D:3 |      78 |      35 |  31.0 |      19 |       1 |   5.0
        D:4 |     302 |       0 |   0.0 |      23 |       0 |   0.0
        D:5 |     394 |     211 |  34.9 |      16 |       2 |  11.1
        D:6 |     935 |       0 |   0.0 |      24 |       0 |   0.0
        D:7 |     430 |     533 |  55.3 |      12 |      18 |  60.0
    Ossuary |       0 |     291 | 100.0 |       0 |      12 | 100.0
            +---------+---------+-------+---------+---------+-------
